 Dungeon Crawl Stone Soup version 0.23.2-33-g5129a83184 (webtiles) character file.

Game seed: 14012287658806011443

263 t4s4d4r the Ogre Mage (level 6, 0/53 HPs)
             Began as an Ogre Ice Elementalist on July 9, 2019.
             Slain by Menkaure (18 damage)
             ... on level 4 of the Dungeon.
             The game lasted 00:06:11 (3909 turns).

t4s4d4r the Ogre Mage (Ogre Ice Elementalist)       Turns: 3909, Time: 00:06:12

Health: 0/53       AC:  4    Str: 13    XL:     6   Next: 19%
Magic:  4/15       EV: 10    Int: 18    God:
Gold:   165        SH:  0    Dex:  9    Spells: 5/17 levels left

rFire    x x .     SeeInvis .   a - +2 quarterstaff (protect)
rCold    + + .     Gourm    .   (shield currently unavailable)
rNeg     . . .     Faith    .   o - +0 robe
rPois    .         Spirit   .   (helmet restricted)
rElec    .         Reflect  .   t - +0 cloak
rCorr    .         Harm     .   (gloves unavailable)
MR       .....                  (boots unavailable)
Stlth    +.........             (no amulet)
HPRegen  0.17/turn              b - ring of ice
MPRegen  0.14/turn              s - ring of ice

@: very slightly contaminated
A: large, unfitting armour, tough skin 1
a: no special abilities


You were on level 4 of the Dungeon.
You were near starving.

You visited 1 branch of the dungeon, and saw 4 of its levels.

You collected 165 gold pieces.

Inventory:

Hand Weapons
 a - a +2 quarterstaff of protection (weapon)
Missiles
 h - 173 stones (quivered)
Armour
 o - a +0 robe (worn)
 t - a +0 cloak (worn)
Jewellery
 b - a ring of ice (left hand)
 l - a cursed ring of attention {unknown}
 r - a +1 ring of protection
 s - a ring of ice (right hand)
Scrolls
 d - a scroll of random uselessness {unknown}
 f - 2 scrolls of enchant weapon {unknown}
 i - a scroll of remove curse {unknown}
 j - a scroll of fog {unknown}
 m - a scroll of noise {unknown}
 n - 3 scrolls of immolation {unknown}
 p - 4 scrolls of identify {unknown}
 u - 3 scrolls of teleportation {unknown}
Potions
 e - a potion of flight {unknown}
 g - a potion of resistance {unknown}
 k - a potion of curing {unknown}
 q - a potion of brilliance {unknown}
 v - a potion of magic {unknown}
Comestibles
 c - 8 rations


   Skills:
 + Level 0.0 Fighting
 - Level 1.7 Dodging
 - Level 1.4 Stealth
 - Level 6.0 Spellcasting
 - Level 0.8 Conjurations
 + Level 0.0 Summonings
 * Level 4.0 Ice Magic


You had 5 spell levels left.
You knew the following spells:

 Your Spells              Type           Power        Failure   Level  Hunger
a - Freeze                Ice            ####         2%          1    None
b - Ozocubu's Armour      Chrm/Ice       ####....     16%         3    ##.....
c - Throw Icicle          Conj/Ice       ####....     41%         4    ####...
d - Summon Ice Beast      Ice/Summ       ####....     45%         4    ####...

Your spell library contained the following spells:

 Spells                   Type           Power        Failure   Level  Hunger
 Throw Frost              Conj/Ice       ####..       7%          2    None


Dungeon Overview and Level Annotations

Branches:
Dungeon (4/15)
 Temple: D:4-7

Altars:
Makhleb
Yredelemnul

Annotations:
D:4 Grinder, Menkaure


Innate Abilities, Weirdness & Mutations

You are too large for most types of armour.
You have tough skin. (AC +1)


Message History

Menkaure resists.
Menkaure hits your ice beast!
Your ice beast dies!
Casting: Summon Ice Beast (quite dangerous; 45% risk of failure)
Confirm with . or Enter, or press ? or * to list all spells.
Aiming: Throw Icicle (quite dangerous; 41% risk of failure)
Press: ? - help, Shift-Dir - straight line, f/p - Menkaure
Aim: Menkaure (heavily damaged, fast)
You feel a strong surge of power!
The shard of ice hits Menkaure!
Menkaure partially resists.
Menkaure is almost destroyed.
Menkaure casts a spell at you. Pain shoots through your body!
Casting: Throw Icicle (quite dangerous; 41% risk of failure)
Confirm with . or Enter, or press ? or * to list all spells.
You feel a strong surge of power!
You miscast Summon Ice Beast.
You are very lightly contaminated with residual magic.
Your head hurts.
You are near starving!
Menkaure hits you!!
You die...

#....# #. #.###.##.###
#. #.....≈≈.≈≈# #.
#############≈#'#≈### ##
.............≈#_#≈.$
.############≈#'#≈####.#
.............≈≈.≈≈......
.##############..M####.
<# ##@.# .# #..# .# #..#
.# ##..###### .#
#........#
.##############.######..
.....................(.
#################.#....
.# #.


You could see Menkaure.

Vanquished Creatures
  A scorpion (D:4)
  A bullfrog skeleton (D:4)
  A worker ant (D:3)
  8 adders
  2 oozes
  An adder skeleton (D:4)
  A worm (D:2)
  10 dart slugs (D:3)
  3 leopard geckos
  10 bats
  3 goblins
  4 hobgoblins
  5 kobolds
  5 frilled lizards
  7 rats
62 creatures vanquished.

Notes
Turn   | Place    | Note
-------+----------+-------------------------------------------
     0 | D:1      | t4s4d4r the Ogre Ice Elementalist began the quest for the
                  | Orb.
     0 | D:1      | Reached XP level 1. HP: 16/16 MP: 3/3
   255 | D:1      | Reached skill level 3 in Spellcasting
   257 | D:1      | Reached XP level 2. HP: 24/24 MP: 0/6
  1027 | D:2      | Reached skill level 4 in Spellcasting
  1027 | D:2      | Reached XP level 3. HP: 25/31 MP: 1/8
  1405 | D:2      | Reached XP level 4. HP: 29/39 MP: 3/10
  2020 | D:2      | Found a basalt altar of Yredelemnul.
  2051 | D:3      | Reached skill level 5 in Spellcasting
  2534 | D:3      | Reached XP level 5. HP: 31/45 MP: 11/13
  2741 | D:3      | Reached skill level 6 in Spellcasting
  2846 | D:3      | Learned a level 3 spell: Ozocubu's Armour
  2851 | D:3      | Learned a level 4 spell: Throw Icicle
  2856 | D:3      | Learned a level 4 spell: Summon Ice Beast
  3441 | D:4      | Noticed Grinder
  3549 | D:4      | Noticed Menkaure
  3666 | D:4      | Reached XP level 6. HP: 43/53 MP: 11/15
  3704 | D:4      | Found a burning altar of Makhleb.
  3882 | D:4      | Noticed a slave
  3909 | D:4      | Slain by Menkaure

Skill      XL: |  1  2  3  4  5  6 |
---------------+-------------------+-----
Spellcasting   | 3 4 5 6 |  6.0
Ice Magic      | 3 4 |  4.0
Dodging        | |  1.7
Stealth        | |  1.4
Conjurations   | |  0.8

Action                   |  1- 3 |  4- 6 || total
-------------------------+-------+-------++-------
Melee: Unarmed           |    10 |       ||    10
       Short sword       |    11 |    38 ||    49
       Quarterstaff      |       |    14 ||    14
 Cast: Freeze            |    39 |    53 ||    92
       Summon Ice Beast  |       |     1 ||     1
       Throw Icicle      |       |     1 ||     1
 Stab: Sleeping          |       |     4 ||     4
  Eat: Chunk             |     1 |     7 ||     8
Armor: Robe              |    20 |    30 ||    50
Dodge: Dodged            |    36 |    57 ||    93
